 Dungeon Crawl Stone Soup version 0.28.0-43-g3370ac3207 (webtiles) character file.

Game seed: 15366322191739104336

41 terff the Ducker (level 3, -2/28 HPs)
             Began as a Demonspawn Gladiator on Mar 30, 2022.
             Slain by a hound (3 damage)
             ... on level 2 of the Dungeon.
             The game lasted 00:04:40 (918 turns).

terff the Ducker (Demonspawn Gladiator)              Turns: 918, Time: 00:04:41

Health: -2/28      AC:  6    Str: 16    XL:     3   Next: 32%
Magic:  3/3        EV: 12    Int: 15    God:
Gold:   39         SH:  0    Dex: 14    Spells: 2/2 levels left

rFire   . . .      SeeInvis .   a - +0 long sword
rCold   . . .      Faith    .   (no shield)
rNeg    . . .      Spirit   .   b - +0 leather armour
rPois   .          Reflect  .   c - +1 helmet
rElec   .          Harm     .   (no cloak)
rCorr   .          Rampage  .   (no gloves)
Will    .....                   (no boots)
Stlth   +.........              (no amulet)
HPRegen 0.09/turn               e - +6 ring of intelligence
MPRegen 0.08/turn               (no ring)

@: attractive, hasted, very quick
A: rugged brown scales 1
a: no special abilities


You were on level 2 of the Dungeon.
You visited 1 branch of the dungeon, and saw 2 of its levels.

You collected 39 gold pieces.

Inventory:

Hand Weapons
 a - a +0 long sword (weapon)
Missiles
 d - 3 throwing nets (quivered)
Armour
 b - a +0 leather armour (worn)
 c - a +1 helmet (worn)
Jewellery
 e - a +6 ring of intelligence (left hand)
Scrolls
 g - a scroll of identify {unknown}
 h - 2 scrolls of teleportation {unknown}
 j - a scroll of enchant weapon {unknown}
 k - a scroll of fear {unknown}
Potions
 l - a potion of curing {unknown}


   Skills:
 + Level 2.7 Fighting
 + Level 3.1 Long Blades
 + Level 1.8 Throwing
 + Level 0.2 Armour
 + Level 3.1 Dodging


You had 2 spell levels left.
You didn't know any spells.
Your spell library was empty.

Dungeon Overview and Level Annotations

Branches:
Dungeon (2/15)

Altars:


Innate Abilities, Weirdness & Mutations

You are partially covered in rugged brown scales. (AC +1, +3% HP)


Message History

You closely miss the quokka. The hound bites you. The quokka barely misses you.
The endoplasm barely misses you. The hound closely misses you.
You barely miss the quokka.
The quokka bites you but does no damage.
The hound closely misses you.
The endoplasm hits you but does no damage.
The quokka barely misses you. The hound bites you but does no damage.
The endoplasm freezes you.
You are frozen.
The endoplasm hits you. The hound closely misses you. The endoplasm hits you.
The hound completely misses you. The quokka bites you. The hound bites you.
The hound bites you.
* * * LOW HITPOINT WARNING * * *
You slash the hound!
The hound is severely wounded.
The hound barely misses you.
You closely miss the hound.
The hound is severely wounded.
The hound barely misses you. The hound bites you.
* * * LOW HITPOINT WARNING * * *
You miss the hound.
The hound is severely wounded.
The hound closely misses you.
The hound stops to sniff the ground.
The hound bites you but does no damage.
You closely miss the hound.
The hound is severely wounded.
The hound bites you.
* * * LOW HITPOINT WARNING * * *
The hound bites you.
* * * LOW HITPOINT WARNING * * *
The hound bites you but does no damage.
It was a potion of attraction.
You feel attractive to monsters. The hound barely misses you.
The hound bites you but does no damage. The endoplasm is attracted toward you.
It was a potion of haste.
You feel yourself speed up. The hound bites you.
You die...

#.##.#.####.#
#.##.#.# #.#
#....#.# #.#
######.# #.#
#.# #.# #.#
#.##### #.#
##.....# #.#
#....#.##
#@###.......#
#h##J..♣♣.#.#
#r##r♣♣♣♣♣..#
#J#..♣ ♣..#
#§...♣ ♣..#
####.♣ ♣..#
#.♣♣ ♣.##
#..♣♣♣♣.#
#.......#


You could see a hound, an endoplasm and a quokka.

Vanquished Creatures
  An adder (D:2)
  2 dart slugs (D:1)
  3 bats (D:1)
  2 endoplasms (D:1)
  A giant cockroach (D:1)
  3 goblins (D:1)
  4 hobgoblins
  2 kobolds (D:1)
  A quokka (D:1)
  2 ball pythons (D:1)
  3 frilled lizards (D:2)
  2 rats (D:1)
26 creatures vanquished.

Vanquished Creatures (others)
  A frilled lizard (D:1)
1 creature vanquished.

Grand Total: 27 creatures vanquished

Notes
Turn   | Place    | Note
-------+----------+-------------------------------------------
     0 | D:1      | terff the Demonspawn Gladiator began the quest for the Orb.
     0 | D:1      | Reached XP level 1. HP: 16/16 MP: 1/1
   181 | D:1      | Gained mutation: You are partially covered in rugged brown
                  | scales. (AC +1, +3% HP) [demonic ancestry]
   181 | D:1      | Reached XP level 2. HP: 15/22 MP: 2/2
   622 | D:1      | Reached XP level 3. HP: 27/28 MP: 3/3
   914 | D:2      | HP: 1/28 [hound (2)]
   918 | D:2      | Slain by a hound

Illustrated notes

Levels and vault maps discovered:
D:1:      dpeg_arrival_shelter, layout_basic,
          dreamdust_ecumenical_altar_hidden_monk_grotto,
          chequers_serial_rivers_room_a
D:2:      layout_basic, minmay_crystal_water, nrook_campfire, solitary_fountain

Skill      XL: |  1  2 |
---------------+-------+-----
Dodging        | 3 |  3.1
Long Blades    | 3 |  3.1
Fighting       | |  2.7
Throwing       | |  1.8
Armour         | |  0.2

Action                   || total
-------------------------++-------
Melee: Long sword        ||    75
       Punch             ||     1
  Use: Scroll            ||     1
       Potion            ||     2
Armor: Leather armour    ||    30
Dodge: Dodged            ||    66
